 Dungeon Crawl Stone Soup version 0.24.0-29-g8ce449bc06 (webtiles) character file.

Game seed: 13311204500350879128, levelgen mode: deterministic

1400 mortelune the Covered (level 8, -4/61 HPs)
             Began as a Demonspawn Wanderer on Nov 16, 2019.
             Slain by a wyvern zombie (8 damage)
             ... on level 6 of the Dungeon.
             The game lasted 00:16:56 (6654 turns).

mortelune the Covered (Demonspawn Wanderer)         Turns: 6654, Time: 00:16:56

Health: -4/61      AC: 13    Str: 14    XL:     8   Next: 41%
Magic:  8/8        EV:  9    Int: 16    God:
Gold:   262        SH:  0    Dex: 11    Spells: 7/7 levels left

rFire    . . .     SeeInvis .   b - +1 spear (venom)
rCold    . . .     Gourm    .   (no shield)
rNeg     . . .     Faith    .   e - +2 scale mail
rPois    .         Spirit   .   v - +2 hat
rElec    .         Reflect  .   (no cloak)
rCorr    .         Harm     .   (no gloves)
MR       .....                  (boots unavailable)
Stlth    ++........             A - amulet of magic regeneration
HPRegen  0.20/turn              k - ring of stealth
MPRegen  0.36/turn              (no ring)

@: no status effects
A: talons 3, thin metallic scales 1, nightstalker 1
a: no special abilities


You were on level 6 of the Dungeon.
You were not hungry.

You visited 1 branch of the dungeon, and saw 6 of its levels.

You collected 262 gold pieces.

Inventory:

Hand Weapons
 a - a +0 shortbow
 b - a +1 spear of venom (weapon)
 x - a +0 mace
 y - a +0 dagger
Missiles
 c - 31 arrows
 s - 29 bolts
Armour
 e - a +2 scale mail (worn)
 i - a +0 pair of boots
 v - a +2 hat (worn)
Jewellery
 k - a ring of stealth (left hand)
 A - an amulet of magic regeneration (around neck)
 I - a +1 ring of protection {unknown}
Wands
 G - a wand of iceblast (7)
 H - a wand of flame (21)
Scrolls
 d - 2 scrolls of teleportation
 g - 2 scrolls of remove curse {unknown}
 h - a scroll of random uselessness {unknown}
 j - a scroll of noise {unknown}
 l - 2 scrolls of magic mapping {unknown}
 o - 3 scrolls of identify {unknown}
 q - a scroll of amnesia {unknown}
 r - 3 scrolls of fear {unknown}
 z - a scroll of enchant armour {unknown}
 B - 3 scrolls of blinking {unknown}
Potions
 n - a potion of ambrosia {unknown}
 p - 2 potions of cancellation {unknown}
 t - 2 potions of heal wounds {unknown}
 u - a potion of brilliance {unknown}
 w - 2 potions of haste {unknown}
 D - a potion of mutation {unknown}
 E - 2 potions of berserk rage {unknown}
 F - a potion of invisibility {unknown}
Comestibles
 f - 13 rations


   Skills:
 + Level 4.8 Fighting
 * Level 4.7 Polearms
 - Level 5.0 Bows
 + Level 5.1 Armour
 - Level 1.7 Stealth
   Level 1.7 Shields
 - Level 1.0 Unarmed Combat


You had 7 spell levels left.
You didn't know any spells.
Your spell library was empty.

Dungeon Overview and Level Annotations

Branches:
Dungeon (6/15)
 Temple: D:4-7

Altars:
Ru
Uskayaw
Vehumet
Xom
The Shining One

Shops:
D:4 (

Annotations:
D:5 Sigmund


Innate Abilities, Weirdness & Mutations

You have claws for feet.
You are partially covered in thin metallic scales. (AC +2)
You are slightly more attuned to the shadows.


Message History

The wyvern zombie bites you but does no damage.
You hit the wyvern zombie but do no damage.
Your kick misses the wyvern zombie.
The wyvern zombie is severely damaged.
The wyvern zombie bites you.
* * * LOW HITPOINT WARNING * * *
You hit the wyvern zombie. You claw the wyvern zombie.
The wyvern zombie is almost destroyed.
The wyvern zombie bites you!
* * * LOW HITPOINT WARNING * * *
You feel better.
The wyvern zombie bites you but does no damage.
The wyvern zombie bites you!
* * * LOW HITPOINT WARNING * * *
You feel better. The wyvern zombie bites you!
* * * LOW HITPOINT WARNING * * *
You hit the wyvern zombie. Your kick misses the wyvern zombie.
The wyvern zombie is almost destroyed.
The wyvern zombie bites you!
You die...

##.##.# #....###
#......##..... ......#
####...###......##.#...
##.####
#...#........##.#.##
#.# #...#........##.#..
..#
#...#...#....##.##.#
#.# #.(.#...#######. .#
#..(#...# #...#...#
#..@#.... ..''..(Z.....
..##..(...... .
#......... ..........
........#..
.........###


You could see a wyvern zombie.

Vanquished Creatures
  A water moccasin (D:6)
  Duvessa (D:5)
  2 black bears
  A bullfrog (D:6)
  A gnoll sergeant (D:5)
  Dowan (D:5)
  A scorpion (D:4)
  A howler monkey (D:6)
  4 crimson imps
  3 orc priests (D:5)
  2 orc wizards
  Ijyb (D:5)
  2 iguanas
  4 worker ants
  A worker ant zombie (D:4)
  A howler monkey zombie (D:6)
  10 gnolls
  7 adders
  An ooze (D:3)
  2 worms
  2 dart slugs (D:2)
  2 leopard geckos
  15 orcs
  3 giant cockroaches
  6 goblins
  7 hobgoblins
  6 jackals
  2 quokkas
  3 ball pythons
  4 bats
  3 frilled lizards
  A giant cockroach zombie (D:6)
  7 kobolds
  6 rats
114 creatures vanquished.

Notes
Turn   | Place    | Note
-------+----------+-------------------------------------------
     0 | D:1      | mortelune the Demonspawn Wanderer began the quest for the
                  | Orb.
     0 | D:1      | mortelune set off with the following items: a +0 shortbow,
                  | a +2 scale mail, 25 arrows, a scroll of teleportation, a +0
                  | dagger, a ration
     0 | D:1      | Reached XP level 1. HP: 15/15 MP: 1/1
   693 | D:1      | Gained mutation: You are slightly more attuned to the
                  | shadows. [demonic ancestry]
   693 | D:1      | Reached XP level 2. HP: 21/21 MP: 2/2
  1281 | D:2      | Gained mutation: You have sharp toenails. [demonic
                  | ancestry]
  1281 | D:2      | Reached XP level 3. HP: 27/27 MP: 3/3
  1685 | D:2      | Found a hide-covered altar of Uskayaw.
  1830 | D:2      | Found a sacrificial altar of Ru.
  2673 | D:3      | Gained mutation: You have razor-sharp toenails. [demonic
                  | ancestry]
  2673 | D:3      | Reached XP level 4. HP: 30/33 MP: 4/4
  3448 | D:3      | Found a glowing golden altar of the Shining One.
  3448 | D:3      | Found a radiant altar of Vehumet.
  3840 | D:4      | Noticed a black bear
  3859 | D:4      | Killed a black bear
  3859 | D:4      | Reached XP level 5. HP: 29/39 MP: 5/5
  4001 | D:4      | Reached skill level 1 in Polearms
  4321 | D:4      | Gained mutation: You are partially covered in thin metallic
                  | scales. (AC +2) [demonic ancestry]
  4321 | D:4      | Reached XP level 6. HP: 46/46 MP: 6/6
  4445 | D:4      | Found Setiasan's Antique Weapon Shop.
  4887 | D:5      | Entered Level 5 of the Dungeon
  4931 | D:5      | Found a shimmering altar of Xom.
  5042 | D:5      | Reached XP level 7. HP: 33/52 MP: 7/7
  5589 | D:5      | Noticed Duvessa
  5589 | D:5      | Noticed Dowan
  5736 | D:5      | Killed Duvessa
  5736 | D:5      | Reached skill level 5 in Bows
  5751 | D:5      | Killed Dowan
  5763 | D:5      | Noticed Ijyb
  5889 | D:5      | Killed Ijyb
  6005 | D:5      | Noticed Sigmund
  6120 | D:6      | Gained mutation: You have claws for feet. [demonic
                  | ancestry]
  6120 | D:6      | Reached XP level 8. HP: 60/60 MP: 8/8
  6531 | D:6      | Reached skill level 5 in Armour
  6654 | D:6      | Slain by a wyvern zombie

Levels and vault maps discovered:
D:1:      minmay_arrival_shoal_huts, layout_basic, minmay_crystal_room,
          chequers_serial_rivers_room_b
D:2:      layout_rooms, nicolae_ru_path_of_blood, eat_drink_and_be_merry_uskayaw
D:3:      layout_basic, gammafunk_temple_overflow_wave
D:4:      layout_loops_ring, first_ration, serial_shops, nicolae_shop_trees
D:5:      layout_loops_ring, minmay_temple_entry_enclosed_plants,
          gammafunk_ghost_smash, basic_altar, lemuel_altar_in_water,
          uniq_duvessa, uniq_ijyb, uniq_sigmund
D:6:      layout_basic, uniq_grinder

Skill      XL: |  1  2  3  4  5  6  7  8 |
---------------+-------------------------+-----
Bows           | 2 3 4 5 |  5.0
Armour         | 3 4 5 |  5.1
Fighting       | 2 3 4 |  4.8
Polearms       | 1 2 3 4 |  4.7
Stealth        | |  1.7
Shields        | |  1.7
Unarmed Combat | |  1.0

Action                   |  1- 3 |  4- 6 |  7- 9 || total
-------------------------+-------+-------+-------++-------
Melee: Dagger            |    76 |    54 |       ||   130
       Unarmed           |     5 |       |       ||     5
       Punch             |     1 |       |     2 ||     3
       Kick              |     2 |       |    20 ||    22
       Spear             |       |    75 |   214 ||   289
 Fire: Shortbow          |    82 |    95 |    90 ||   267
  Use: Potion            |       |       |     4 ||     4
  Eat: Chunk             |     5 |     8 |     5 ||    18
Armor: Scale mail        |    45 |    98 |    89 ||   232
Dodge: Dodged            |    39 |    61 |    67 ||   167
